 Dungeon Crawl Stone Soup version 0.27-a0-32-g443bf2d2ca (webtiles) character file.

Game seed: 7133707216183142423

0 Descartes the Sneak (level 1, -4/10 HPs)
             Began as a Felid Delver on Jan 4, 2021.
             Slain by a gnoll skeleton (6 damage)
             ... in an ossuary.
             The game lasted 00:00:27 (30 turns).

Descartes the Sneak (Felid Delver)                    Turns: 30, Time: 00:00:28

Health: -4/10      AC:  1    Str:  8    XL:     1   Next: 8%
Magic:  2/2        EV: 18    Int: 11    God:
Gold:   0          SH:  0    Dex: 17    Spells: 0/0 levels left
                                        Lives:  0   Deaths: 0

rFire    . . .     SeeInvis +     - Unarmed
rCold    . . .     Faith    .   (shield unavailable)
rNeg     . . .     Spirit   .   (armour unavailable)
rPois    .         Reflect  .   (helmet unavailable)
rElec    .         Harm     .   (cloak unavailable)
rCorr    .         Rampage  .   (gloves unavailable)
Will     .....                  (boots unavailable)
Stlth    ++++......             (no amulet)
HPRegen  0.03/turn              (no ring)
MPRegen  0.08/turn              (no ring)

@: hasted, very quick
A: very small, no armour, no weapons or thrown items, stealth, claws 1, fangs 3,
see invisible, speed 1, shaggy fur 1, sharp paws
a: no special abilities


You were in an ossuary.
You visited 1 branch of the dungeon, and saw 1 of its levels.
You also visited: Ossuary.

Inventory:

Wands
 e - a wand of digging (3)
Scrolls
 a - a scroll of fog
 c - a scroll of fear


   Skills:
 + Level 3.0 Fighting
 + Level 2.6 Dodging
 + Level 6.6 Stealth
 + Level 2.0 Unarmed Combat


You couldn't memorise any spells.
You didn't know any spells.
Your spell library was empty.

Dungeon Overview and Level Annotations

Branches:
Dungeon (5/15)            Ossuary (1/1)
 Temple: D:4-7

Altars:


Innate Abilities, Weirdness & Mutations

You cannot wear armour.
You are incapable of wielding weapons or throwing items.
Your paws allow you to move quietly. (Stealth)
You have sharp claws.
You have razor-sharp teeth.
You have supernaturally acute eyesight. (SInv)
You cover ground quickly.
You are covered in fur. (AC +1)
Your sharp claws are effective at attacking unaware monsters.


Message History

A mummy comes into view.
The gnoll skeleton barely misses you.
You feel yourself speed up. The gnoll skeleton misses you.
You scratch the kobold skeleton.
The kobold skeleton is almost destroyed.
The gnoll skeleton hits you.
* * * LOW HITPOINT WARNING * * *
You scratch the kobold skeleton.
You destroy the kobold skeleton!
You scratch the gnoll skeleton but do no damage.
The gnoll skeleton misses you.
You scratch the gnoll skeleton.
The gnoll skeleton is moderately damaged.
The orc skeleton barely misses you. The gnoll skeleton closely misses you.
You scratch the gnoll skeleton.
You claw the gnoll skeleton, but do no damage.
The gnoll skeleton is severely damaged.
The gnoll skeleton hits you.
Ouch! That really hurt!
You die... #+++# #...# +.M.+ #..Z# #..Z# #.ZZ# #ZZZ#

#.Z@# #...#
#...# ##'''##
##.....##
###.......####
W▓...∩.∩...▓W#
###.......####
##.....##


You could see a mummy (dormant), 3 gnoll skeletons, a kobold skeleton (dormant)
and 4 orc skeletons.

Vanquished Creatures
  A kobold skeleton (Ossuary)
1 creature vanquished.

Notes
Turn   | Place    | Note
-------+----------+-------------------------------------------
     0 | D:5      | Descartes the Felid Delver began the quest for the Orb.
     0 | D:5      | Reached XP level 1. HP: 10/10 MP: 2/2
     1 | D:5      | Noticed a hound
     9 | D:5      | Noticed a jelly
    12 | D:5      | Found a sand-covered staircase.
    17 | Ossuary  | Entered an ossuary
    17 | Ossuary  | Noticed a wraith
    17 | Ossuary  | Noticed a wraith
    17 | Ossuary  | Noticed a wraith
    30 | Ossuary  | Slain by a gnoll skeleton

Illustrated notes

Levels and vault maps discovered:
D:5:      layout_rooms, kennysheep_little_box, gammafunk_ghost_nasty_kobolds,
          basic_altar, serial_shops, kennysheep_mini,
          nicolae_ossuary_entry_false_entrances, chequers_serial_rivers_micro_e,
          makhleb_heckhound_becter, uniq_ijyb
Ossuary:  ossuary_due_mausoleum

Action                   || total
-------------------------++-------
Melee: Unarmed           ||     5
       Punch             ||     1
  Use: Scroll            ||     1
       Potion            ||     1
Dodge: Dodged            ||     7

Table legend: (Time is in decaauts)
 A = Elapsed time spent in this place.
 B = Non-inter-level travel time spent in this place.
 C = Inter-level travel time spent in this place.
 D = Time resting spent in this place.
 E = Time spent auto-exploring this place.
 F = Levels seen in this place.
 G = Mean time per level.
                   A        B        C        D        E       F      G
               +--------+--------+--------+--------+--------+-----+--------+
         Total |     24 |     24 |      0 |      0 |      0 |   2 |   12.0 |
       Dungeon |     14 |     14 |      0 |      0 |      0 |   1 |   14.0 |
       Ossuary |     10 |     10 |      0 |      0 |      0 |   1 |   10.0 |
               +--------+--------+--------+--------+--------+-----+--------+

Top non-repeatable levels by time:
     D:5: 14 daAuts
 Ossuary: 10 daAuts
